 Dungeon Sprint DCSS version 0.17-a0-1210-g1e4f09d (webtiles) character file.

27182671 Kidiri the Invulnerable (level 23, 52/192 HPs)
             Began as a Gargoyle Fighter on June 4, 2015.
             Was the Champion of Okawaru.
             Escaped with the Orb
             ... and 9 runes!
             The game lasted 02:23:34 (19220 turns).

Kidiri the Invulnerable (Gargoyle Fighter)         Turns: 19220, Time: 02:23:34

Health: 52/192     AC: 69    Str: 44    XL:     23   Next: 51%
Magic:  36/36      EV: 32    Int: 14    God:    Okawaru [******]
Gold:   1003       SH: 35    Dex: 17    Spells: 0 memorised, 27 levels left

rFire  . . .     SeeInvis .     I - +9 eveningstar "Plog" {elec, Str+5}
rCold  + . .     Rnd*Rage +     E - +3 crystal plate armour
rNeg   + . .     SustAt   .     M - +4 large shield {AC+3}
rPois  ∞         Gourm    .     (helmet restricted)
rElec  +         Spirit   .     v - +2 cloak {+Inv}
rCorr  .         Warding  .     D - +2 pair of gloves {Dex+3}
rMut   +         NoTele   +     c - +2 pair of boots {Stlth+}
MR     +....                    H - amulet of the Thistle {rMut Int+5}
Stlth  ++........               u - +2 ring of protection
                                R - +6 ring of strength

@: mighty, agile, exhausted, flying, very slightly contaminated, somewhat
resistant to hostile enchantments, unstealthy
A: big wings, horns 1, berserk 1, blink 1, cold resistance 1, deterioration 2,
dopey 1, low mp 1, negative energy resistance 1, robust 1, electricity
resistance, wild magic 2, unbreathing, petrification resistance, rot immunity,
AC +17
a: Stop Flying, Blink, Heroism, Finesse, Renounce Religion, Evoke Invisibility
0: Orb of Zot
}: 9/15 runes: decaying, serpentine, barnacled, slimy, elven, silver, golden,
abyssal, gossamer


You escaped.
You worshipped Okawaru.
Okawaru was exalted by your worship.
You were not hungry.

You visited 1 branch You collected 1975 gold pieces.
You spent 972 gold pieces at shops.

Inventory:

Hand weapons
 f - a +1 hand crossbow of freezing
 I - the +9 eveningstar "Plog" (weapon) {elec, Str+5}
   (Okawaru gifted it to you in the Dungeon)

   Occasionally, upon striking a foe, it will discharge some electrical energy
   and cause terrible harm.
   It affects your strength (+5).
 J - the +5 demon whip of Purpose {drain, rElec rF- rC+ Int+2}
   (You found it in the Dungeon)

   A truly terrible weapon, it drains the life of those it strikes.
   It affects your intelligence (+2).
   It makes you vulnerable to fire.
   It protects you from cold.
   It insulates you from electricity.
Missiles
 h - a javelin of penetration (quivered)
 q - 2 javelins of returning
 r - 2 needles of frenzy
 Q - 3 throwing nets
 T - 6 silver tomahawks
Armour
 c - a +2 pair of boots of stealth (worn)
 v - a +2 cloak of invisibility (worn)
 B - a +1 scale mail of fire resistance
 D - a +2 pair of gloves of dexterity (worn)
 E - a +3 crystal plate armour (worn)
 M - a +4 large shield of protection (worn)
Jewellery
 u - a +2 ring of protection (right hand)
 H - the amulet of the Thistle (around neck) {rMut Int+5}
   (You found it in the Dungeon)

   [amulet of resist mutation]

   It protects you from mutation.
   It affects your intelligence (+5).
 R - a +6 ring of strength (left hand)
Magical devices
 o - a wand of cold (3)
 p - a wand of draining (2)
 N - a wand of hasting (0)
 O - a wand of teleportation (1)
Scrolls
 b - 4 scrolls of recharging
 k - a scroll of blinking
 m - 3 scrolls of remove curse
 n - 2 scrolls of amnesia
 w - 6 scrolls of fear
 x - 3 scrolls of fog
 y - a scroll of enchant weapon
Potions
 a - a potion of resistance
 d - 5 potions of might
 i - 4 potions of magic
 l - a potion of invisibility
 s - 2 potions of brilliance
 t - a potion of flight {unknown}
 L - 2 potions of cure mutation
Books
 g - a Fen Folio

   Spells                             Type                      Level
   a - Corpse Rot                     Necromancy                   2
   b - Stone Arrow                    Conjuration/Earth            3
   c - Leda's Liquefaction            Hexes/Earth                  4
   d - Summon Forest                  Summoning/Translocation      5
   e - Hydra Form                     Transmutation                6
   f - Summon Hydra                   Summoning                    7
Miscellaneous
 A - the horn of Geryon
Comestibles
 e - 12 bread rations
 z - 40 fruits


   Skills:
 O Level 27 Fighting
 O Level 27 Maces & Flails
 + Level 3.0 Crossbows
 O Level 27 Throwing
 O Level 27 Armour
 O Level 27 Dodging
 O Level 27 Stealth
 O Level 27 Shields
 O Level 27 Unarmed Combat
 + Level 2.7 Spellcasting
 O Level 27 Invocations
 O Level 27 Evocations


You had 27 spell levels left.
You didn't know any spells.

Dungeon Overview and Level Annotations

Branches:
Dungeon (1/1)

Altars:
Cheibriados
Dithmenos
Elyvilon
Fedhas
Gozag
Kikubaaqudgha
Makhleb
Nemelex Xobeh
Okawaru
Qazlal
Ru
Sif Muna
Trog
Vehumet
Xom
Yredelemnul
Zin
The Shining One
Beogh
Jiyva
Lugonu

Shops:
D *[[(

Annotations:
D Antaeus, Asmodeus, Lom Lobon


Innate Abilities, Weirdness & Mutations

You are resistant to torment.
Your stone body is resilient (AC +17).
You are immune to poison.
Your large and strong wings let you fly indefinitely.
You resist negative energy.
You are resistant to electric shocks.
You can survive without breathing.
You are immune to petrification.
You are immune to rotting.
You have a pair of small horns on your head.
You tend to lose your temper in combat.
You can translocate small distances at will.
Your flesh is cold resistant.
Your body often deteriorates upon taking damage.
You are dopey. (Int -2)
Your magical capacity is low (-10% MP).
You are robust (+10% HP).
Your spells are harder to cast, but more powerful.


Message History

Press: ? - help, Shift-Dir - straight line, f/p - Sonja
Aim: Sonja, wielding a blowgun (almost dead)
You throw a javelin of returning. The javelin of returning misses Sonja.
The javelin of returning returns to your pack!
You miss Sonja. Your headbutt misses Sonja.
Sonja is almost dead.
Sonja unwields an uncursed blowgun.
Sonja wields an uncursed short sword of distortion.
Its appearance distorts for a moment.
Sonja completely misses you. You block Sonja's attack. x2
You stick Sonja like a pincushion!!!
You kill Sonja!
Okawaru accepts your kill.
Your Crossbows skill increases to level 3!
There is an open door to the Dungeon, spattered with blood here.
You see here a club.
h - a javelin of penetration You feel yourself speed up.
There is a staircase leading out of the dungeon here.
You have escaped!

▓.▓.▓.▓.▓.▓.▓.▓.▓(
▓.▓.▓'▓.▓.▓.▓.▓.▓.
▓.▓.▓.▓.▓.▓.▓.▓.▓.
▓)▓.▓.▓.▓.▓.▓.▓.▓3
▓.▓.▓.▓.▓.▓.▓.▓.▓.
▓.▓.▓.▓.▓.▓.▓.▓.▓.
▓.▓.▓.▓.▓.▓.▓.▓.▓.
▓.▓.▓.▓.▓.▓.▓.▓.▓.
▓@▓...▓...▓...▓...
▓▓▓▓▓▓▓▓▓▓▓▓▓▓▓▓▓▓


There were no monsters in sight!

Vanquished Creatures
  the royal jelly (D)
  Mnoleg (D)
  4 orbs of fire (D)
  6 ancient liches (D)
  Mara (D)
  Mennas (D)
  5 greater mummies (D)
  Boris (D)
  Frederick (D)
  Norris (D)
  2 pandemonium lords (D)
  Geryon (D)
  7 golden dragons (D)
  Nikola (D)
  Jory (D)
  Xtahua (D)
  2 electric golems (D)
  3 Brimstone Fiends (D)
  6 liches (D)
  2 Ice Fiends (D)
  5 tentacled monstrosities (D)
  A Hell Sentinel (D)
  33 Orb Guardians (D)
  3 Shadow Fiends (D)
  13 acid blobs (D)
  3 deep elf blademasters (D)
  12 sphinxes (D)
  6 greater nagas (D)
  8 shadow dragons (D)
  6 storm dragons (D)
  17 azure jellies (D)
  Ilsuiw (D)
  A draconian monk (D)
  2 draconian knights (D)
  3 cacodemons (D)
  2 frost giants (D)
  A draconian scorcher (D)
  3 deep elf sorcerers (D)
  Louise (D)
  5 emperor scorpions (D)
  2 ironheart preservers (D)
  3 ghost moths (D)
  A draconian zealot (D)
  2 vault wardens (D)
  2 reapers (D)
  A balrug (D)
  5 stone giants (D)
  2 fire giants (D)
  4 draconian shifters (D)
  An angel (D)
  A very ugly thing (D)
  A draconian annihilator (D)
  A spellforged servitor (D)
  A draconian caller (D)
  A war gargoyle (D)
  2 green draconians (D)
  9 vampire knights (D)
  A blood saint (D)
  5 black draconians (D)
  6 dire elephants (D)
  3 deep elf demonologists (D)
  A white draconian (D)
  A deep elf annihilator (D)
  2 lorocyprocas (D)
  3 mottled draconians (D)
  A purple draconian (D)
  3 red draconians (D)
  2 blizzard demons (D)
  2 merfolk javelineers (D)
  An ettin (D)
  3 fire dragons (D)
  A green death (D)
  2 mummy priests (D)
  A deep elf high priest (D)
  25 vault guards (D)
  3 deep elf death magi (D)
  7 death oozes (D)
  Josephine (D)
  7 merfolk impalers (D)
  2 yaktaur captains (D)
  Harold (D)
  A naga warrior (D)
  A rakshasa (D)
  3 centaur warriors (D)
  7 hydras (D)
  An entropy weaver (D)
  An ice dragon (D)
  Erica (D)
  A catoblepas (shapeshifter) (D)
  2 ogre magi (D)
  An anaconda (D)
  A merfolk aquamancer (D)
  A deep troll earth mage (D)
  An orc high priest (D)
  A vampire mage (D)
  4 hell knights (D)
  12 spriggans (D)
  A spriggan berserker (D)
  A naga sharpshooter (D)
  A deep elf knight (D)
  Sonja (D)
  5 soul eaters (D)
  A skeletal warrior (D)
  A fire crab (D)
  A wretched star (D)
  6 sun demons (D)
  An iron troll (D)
  2 shadow wraiths (D)
  A sea snake (D)
  2 death scarabs (D)
  4 deep trolls (D)
  A gelid demonspawn (D)
  An infernal demonspawn (D)
  2 putrid demonspawn (D)
  4 ice devils (D)
  5 hill giants (D)
  8 swamp dragons (D)
  2 mana vipers (D)
  5 orc knights (D)
  4 ugly things (D)
  A harpy (shapeshifter) (D)
  A lindwurm (D)
  An orb spider (D)
  A wizard (D)
  A necromancer (D)
  2 wolf spiders (D)
  2 elephants (D)
  11 moths of wrath (D)
  A cyclops (D)
  2 griffons (D)
  A hornet (D)
  7 sixfirhies (D)
  A water nymph (D)
  5 black mambas (D)
  A guardian serpent (D)
  A gargoyle (D)
  2 sirens (D)
  2 naga magi (D)
  2 orange demons (D)
  2 rust devils (D)
  2 vault sentinels (D)
  5 smoke demons (D)
  A spiny frog (shapeshifter) (D)
  3 komodo dragons (D)
  4 yaktaurs (D)
  8 hellwings (D)
  4 demonic crawlers (D)
  2 spiny frogs (D)
  A tormentor (D)
  4 red devils (D)
  21 guardian mummies (D)
  An ancient zyme (D)
  A fire drake (shapeshifter) (D)
  2 blue devils (D)
  2 freezing wraiths (D)
  A deep elf priest (D)
  A wind drake (D)
  2 jumping spiders (D)
  A merfolk (shapeshifter) (D)
  3 large abominations (D)
  4 merfolk (D)
  A wandering mushroom (D)
  3 trolls (D)
  2 moth of wrath zombies (D)
  2 slime creatures (D)
  A snapping turtle (D)
  2 boulder beetles (D)
  3 bog bodies (D)
  7 wraiths (D)
  A water elemental (D)
  3 trapdoor spiders (D)
  2 ynoxinuls (D)
  A basilisk (D)
  2 tarantellas (D)
  A deep elf mage (D)
  A fire bat (shapeshifter) (D)
  9 golden eyes (D)
  3 hippogriffs (D)
  2 neqoxecs (D)
  3 chaos spawn (D)
  A soldier ant (shapeshifter) (D)
  3 nagas (D)
  A water moccasin (D)
  A spider (D)
  A wolf (D)
  A sky beast (D)
  2 porcupines (D)
  A wasp (D)
  An ice beast (D)
  2 eyes of draining (D)
  A black bear (D)
  15 orc warriors (D)
  A big kobold (D)
  A brain worm (D)
  2 giant frogs (D)
  3 small abominations (D)
  A quasit (D)
  A crimson imp (D)
  2 orc priests (D)
  5 orc wizards (D)
  2 sheep (D)
  2 river rats (D)
  2 adders (D)
  3 shadow imps (D)
  4 white imps (D)
  An ufetubus (D)
  5 orcs (D)
  2 bats (D)
  A bat skeleton (D)
  A goblin (D)
  A jackal (D)
  2 kobolds (D)
  A giant gecko skeleton (D)
  A giant gecko zombie (D)
  A giant newt (D)
  A rat (D)
  2 crawling corpses (D)
643 creatures vanquished.

Vanquished Creatures (others)
  A pandemonium lord (D)
  Margery (D)
  An Orb Guardian (D)
  A Shadow Fiend (D)
  A cacodemon (D)
  A very ugly thing (D)
  A great orb of eyes (D)
  An ice dragon (D)
  A sixfirhy (D)
  A moth of wrath (D)
  An ugly thing (D)
  A naga mage (D)
  2 orange demons (D)
  A guardian serpent (D)
  A yaktaur (D)
  A freezing wraith (D)
  An ufetubus (D)
  3 fungi (D)
21 creatures vanquished.

Grand Total: 664 creatures vanquished

Notes
Turn   | Place    | Note
--------------------------------------------------------------
     0 | D        | Kidiri the Gargoyle Fighter began the quest for the Orb.
     0 | D        | Reached XP level 1. HP: 14/14 MP: 1/1
    16 | D        | Reached skill level 4 in Armour
    93 | D        | Noticed an orc wizard
    98 | D        | Reached XP level 2. HP: 19/19 MP: 2/2
   123 | D        | Killed an orc wizard
   123 | D        | Reached skill level 5 in Armour
   123 | D        | Reached skill level 5 in Shields
   123 | D        | Reached XP level 3. HP: 8/24 MP: 3/3
   320 | D        | Found a glowing silver altar of Zin.
   320 | D        | Found a glowing golden altar of the Shining One.
   320 | D        | Found an ancient bone altar of Kikubaaqudgha.
   320 | D        | Found a basalt altar of Yredelemnul.
   320 | D        | Found a shimmering altar of Xom.
   320 | D        | Found a radiant altar of Vehumet.
   321 | D        | Found an iron altar of Okawaru.
   322 | D        | Found a burning altar of Makhleb.
   323 | D        | Found a deep blue altar of Sif Muna.
   324 | D        | Found a bloodstained altar of Trog.
   325 | D        | Found a sparkling altar of Nemelex Xobeh.
   326 | D        | Found a white marble altar of Elyvilon.
   327 | D        | Found a roughly hewn altar of Beogh.
   328 | D        | Found a viscous altar of Jiyva.
   329 | D        | Became a worshipper of Warmaster Okawaru
   330 | D        | Found a corrupted altar of Lugonu.
   331 | D        | Found a blossoming altar of Fedhas.
   332 | D        | Found a snail-covered altar of Cheibriados.
   333 | D        | Found a shadowy altar of Dithmenos.
   334 | D        | Found a stormy altar of Qazlal.
   335 | D        | Found an opulent altar of Gozag.
   336 | D        | Found a sacrificial altar of Ru.
   391 | D        | Noticed an ice beast
   391 | D        | Noticed a big kobold
   401 | D        | HP: 1/24 [shadow imp/nerve-wracking pain (13)]
   414 | D        | Killed a big kobold
   414 | D        | Reached skill level 5 in Fighting
   414 | D        | Reached skill level 7 in Armour
   414 | D        | Reached XP level 4. HP: 28/31 MP: 4/4
   414 | D        | Reached XP level 5. HP: 31/35 MP: 5/5
   432 | D        | Killed an ice beast
   432 | D        | Acquired Okawaru's first power
   432 | D        | Reached skill level 5 in Maces & Flails
   432 | D        | Reached skill level 8 in Armour
   432 | D        | Reached XP level 6. HP: 34/41 MP: 6/6
   491 | D        | Noticed an eye of draining
   491 | D        | Noticed an orc warrior
   491 | D        | Noticed a deep elf mage
   496 | D        | Killed a deep elf mage
   496 | D        | Reached skill level 9 in Armour
   515 | D        | Killed an orc warrior
   515 | D        | Reached XP level 7. HP: 39/48 MP: 0/7
   522 | D        | Killed an eye of draining
   522 | D        | Reached skill level 10 in Armour
   522 | D        | Reached skill level 10 in Shields
   589 | D        | Noticed a trapdoor spider
   606 | D        | Killed a trapdoor spider
   971 | D        | Noticed a spiny frog
   971 | D        | Noticed a porcupine
   971 | D        | Noticed a black mamba
   971 | D        | Noticed a black mamba
   971 | D        | Noticed a black bear
   974 | D        | Noticed a porcupine
   981 | D        | Killed a black bear
   981 | D        | Reached skill level 11 in Armour
   991 | D        | Noticed a wolf
   999 | D        | Killed a black mamba
   999 | D        | Reached XP level 8. HP: 29/55 MP: 8/10
  1007 | D        | Killed a black mamba
  1007 | D        | Reached skill level 12 in Armour
  1011 | D        | Killed a porcupine
  1017 | D        | Killed a spiny frog
  1017 | D        | Reached skill level 5 in Invocations
  1017 | D        | Reached XP level 9. HP: 34/60 MP: 8/12
  1019 | D        | Killed a porcupine
  1035 | D        | Killed a wolf
  1179 | D        | Noticed a spiny frog
  1179 | D        | Noticed a giant frog
  1179 | D        | Noticed a lindwurm
  1179 | D        | Noticed a komodo dragon
  1179 | D        | Noticed a giant frog
  1185 | D        | Killed a giant frog
  1195 | D        | Killed a komodo dragon
  1195 | D        | Reached skill level 13 in Armour
  1196 | D        | Noticed a water moccasin
  1205 | D        | Killed a lindwurm
  1205 | D        | Reached skill level 10 in Fighting
  1207 | D        | Noticed a komodo dragon
  1210 | D        | Killed a spiny frog
  1210 | D        | Acquired Okawaru's second power
  1212 | D        | Killed a giant frog
  1215 | D        | Killed a water moccasin
  1215 | D        | Reached XP level 10. HP: 49/68 MP: 13/15
  1219 | D        | Killed a komodo dragon
  1311 | D        | Noticed a dire elephant
  1311 | D        | Noticed an elephant
  1311 | D        | Noticed a dire elephant
  1311 | D        | Noticed a dire elephant
  1311 | D        | Noticed a dire elephant
  1311 | D        | Noticed an elephant
  1316 | D        | Noticed a dire elephant
  1318 | D        | Noticed a dire elephant
  1339 | D        | Killed a dire elephant
  1339 | D        | Reached skill level 14 in Armour
  1359 | D        | Killed a dire elephant
  1359 | D        | Reached skill level 10 in Maces & Flails
  1374 | D        | Killed a dire elephant
  1374 | D        | Reached skill level 15 in Armour
  1374 | D        | Reached skill level 15 in Shields
  1389 | D        | Killed a dire elephant
  1389 | D        | Received a gift from Okawaru
  1389 | D        | Reached XP level 11. HP: 61/75 MP: 12/17
  1411 | D        | Killed a dire elephant
  1425 | D        | Killed a dire elephant
  1425 | D        | Reached skill level 16 in Armour
  1431 | D        | Killed an elephant
  1442 | D        | Killed an elephant
  1749 | D        | Noticed Erica
  1771 | D        | Killed Erica
  1771 | D        | Reached skill level 10 in Invocations
  1815 | D        | Noticed Sonja
  1885 | D        | Noticed an orc priest
  1885 | D        | Noticed an orc wizard
  1889 | D        | Noticed an orc priest
  1890 | D        | Noticed an orc warrior
  1892 | D        | Killed an orc wizard
  1892 | D        | Received a gift from Okawaru
  1893 | D        | Noticed an orc warrior
  1896 | D        | Killed an orc priest
  1897 | D        | Noticed an orc wizard
  1904 | D        | Noticed an orc wizard
  1904 | D        | Killed an orc warrior
  1915 | D        | Killed an orc warrior
  1917 | D        | Killed an orc priest
  1926 | D        | Killed an orc wizard
  1932 | D        | Killed an orc wizard
  1935 | D        | Noticed an orc warrior
  1936 | D        | Noticed an orc warrior
  1944 | D        | Killed an orc warrior
  1959 | D        | Killed an orc warrior
  2170 | D        | Noticed an orc warrior
  2170 | D        | Noticed an orc warrior
  2170 | D        | Noticed an orc wizard
  2170 | D        | Noticed an orc warrior
  2170 | D        | Noticed an orc warrior
  2170 | D        | Noticed an orc warrior
  2175 | D        | Killed an orc warrior
  2176 | D        | Noticed an orc warrior
  2177 | D        | Noticed an orc high priest
  2177 | D        | Killed an orc warrior
  2188 | D        | Killed an orc warrior
  2189 | D        | Noticed an orc warrior
  2198 | D        | Killed an orc warrior
  2200 | D        | Noticed an orc warrior
  2204 | D        | Killed an orc warrior
  2205 | D        | Noticed an orc warrior
  2209 | D        | Killed an orc warrior
  2210 | D        | Killed an orc wizard
  2212 | D        | Noticed an orc knight
  2225 | D        | Killed an orc high priest
  2237 | D        | Killed an orc warrior
  2239 | D        | Killed an orc warrior
  2256 | D        | Killed an orc knight
  2256 | D        | Reached skill level 17 in Armour
  2266 | D        | Killed an orc warrior
  2436 | D        | Found Meluyd's Weapon Boutique.
  2436 | D        | Noticed a troll
  2436 | D        | Noticed a hill giant
  2436 | D        | Noticed a deep troll
  2436 | D        | Noticed a troll
  2436 | D        | Noticed a deep troll
  2438 | D        | Noticed an ogre mage
  2459 | D        | Killed a deep troll
  2459 | D        | Reached XP level 12. HP: 61/82 MP: 20/20
  2469 | D        | Killed a deep troll
  2473 | D        | Killed a troll
  2480 | D        | Killed a hill giant
  2485 | D        | Killed a troll
  2497 | D        | Killed an ogre mage
  2498 | D        | Found Xibli's Armour Shop.
  2500 | D        | Noticed a hill giant
  2501 | D        | Found Anarer's Armour Boutique.
  2503 | D        | Noticed a deep troll
  2503 | D        | Found Meracaih's General Store.
  2512 | D        | Killed a hill giant
  2513 | D        | Noticed an iron troll
  2515 | D        | Noticed an ettin
  2519 | D        | Noticed a hill giant
  2523 | D        | Noticed a deep troll
  2523 | D        | Killed a deep troll
  2524 | D        | Noticed a troll
  2549 | D        | Killed an iron troll
  2549 | D        | Received a gift from Okawaru
  2557 | D        | Killed an ettin
  2557 | D        | Reached skill level 18 in Armour
  2565 | D        | Killed a hill giant
  2568 | D        | Killed a deep troll
  2572 | D        | Killed a troll
  2758 | D        | Bought a +3 flail of draining for 302 gold pieces
  2762 | D        | Bought the +2 helmet of Lugonu's Approval {*Corrode rF+ Regen+ Dex+3} for 292 gold pieces
  2774 | D        | Bought a scroll of blinking for 105 gold pieces
  2774 | D        | Bought a potion of mutation for 35 gold pieces
  2774 | D        | Bought a potion of haste for 140 gold pieces
  2774 | D        | Gained mutation: Your magical capacity is low (-10% MP). [potion of mutation]
  2774 | D        | Gained mutation: You are clumsy. (Dex -2) [potion of mutation]
  2774 | D        | Gained mutation: You evolve. [potion of mutation]
  2796 | D        | Noticed Harold
  2815 | D        | Killed Harold
  3027 | D        | Gained mutation: You are robust (+10% HP). [evolution]
  3092 | D        | Noticed a hippogriff
  3092 | D        | Noticed a centaur warrior
  3092 | D        | Noticed a hill giant
  3092 | D        | Noticed a gargoyle
  3092 | D        | Noticed a hippogriff
  3092 | D        | Noticed a four-headed hydra
  3097 | D        | Noticed a crimson imp
  3098 | D        | Killed a four-headed hydra
  3104 | D        | Killed a hippogriff
  3105 | D        | Noticed a basilisk
  3105 | D        | Noticed a yaktaur
  3109 | D        | Killed a gargoyle
  3114 | D        | Killed a hill giant
  3118 | D        | Noticed a centaur warrior
  3123 | D        | Noticed a deep troll earth mage
  3124 | D        | Killed a centaur warrior
  3131 | D        | Killed a hippogriff
  3135 | D        | Killed a basilisk
  3141 | D        | Killed a yaktaur
  3147 | D        | Killed a centaur warrior
  3147 | D        | Reached XP level 13. HP: 99/99 MP: 20/20
  3154 | D        | Killed a deep troll earth mage
  3154 | D        | Reached skill level 19 in Shields
  3157 | D        | Killed a crimson imp
  3158 | D        | Noticed a cyan ugly thing
  3159 | D        | Noticed a vampire knight
  3160 | D        | Noticed a soldier ant
  3161 | D        | Noticed a yaktaur
  3167 | D        | Killed a cyan ugly thing
  3174 | D        | Killed a soldier ant
  3179 | D        | Killed a yaktaur
  3186 | D        | Paralysed by a vampire knight for 6 turns
  3219 | D        | Killed a vampire knight
  3232 | D        | Gained mutation: You have a pair of small horns on your head. [mutagenic meat]
  3233 | D        | Gained mutation: You can spit weak poison. [mutagenic meat]
  3234 | D        | Lost mutation: You are robust (+10% HP). [mutagenic meat]
  3515 | D        | Noticed a black mamba
  3515 | D        | Noticed a mana viper
  3515 | D        | Noticed a black mamba
  3515 | D        | Noticed a naga sharpshooter
  3515 | D        | Noticed an anaconda
  3515 | D        | Noticed a naga warrior
  3520 | D        | Noticed a mana viper
  3530 | D        | Killed a naga warrior
  3536 | D        | Noticed a black mamba
  3546 | D        | Killed an anaconda
  3560 | D        | Killed a naga sharpshooter
  3560 | D        | Received a gift from Okawaru
  3561 | D        | Got a warped chain mail {god gift}
  3568 | D        | Killed a mana viper
  3570 | D        | Killed a mana viper
  3587 | D        | Killed a black mamba
  3591 | D        | Killed a black mamba
  3594 | D        | Killed a black mamba
  3597 | D        | Noticed a naga mage
  3610 | D        | Killed a naga mage
  3623 | D        | Identified the +1 chain mail of Winter {rC+ Int+2} (Okawaru gifted it to you in the Dungeon)
  3636 | D        | Noticed a water nymph
  3636 | D        | Noticed a merfolk impaler
  3636 | D        | Noticed a wind drake
  3636 | D        | Noticed a siren
  3636 | D        | Noticed a siren
  3636 | D        | Noticed a sea snake
  3642 | D        | Killed a sea snake
  3642 | D        | Reached skill level 15 in Fighting
  3643 | D        | Noticed a merfolk
  3645 | D        | Noticed a griffon
  3646 | D        | Killed a siren
  3647 | D        | Noticed a snapping turtle
  3653 | D        | Killed a siren
  3669 | D        | Killed a wind drake
  3684 | D        | Killed a merfolk impaler
  3684 | D        | Reached skill level 20 in Armour
  3696 | D        | Killed a water nymph
  3705 | D        | Killed a merfolk
  3713 | D        | Killed a griffon
  3729 | D        | Killed a snapping turtle
  3846 | D        | Noticed a slime creature
  3846 | D        | Noticed a four-headed hydra
  3846 | D        | Noticed a bog body
  3846 | D        | Noticed a bog body
  3849 | D        | Killed a bog body
  3853 | D        | Noticed a spriggan rider
  3861 | D        | Killed a four-headed hydra
  3862 | D        | Noticed a komodo dragon
  3868 | D        | Killed a bog body
  3874 | D        | Killed a slime creature
  3891 | D        | Killed a spriggan rider
  3891 | D        | Killed a wasp
  3900 | D        | Killed a komodo dragon
  3953 | D        | Noticed a tarantella
  3953 | D        | Noticed a demonic crawler
  3953 | D        | Noticed an orb spider
  3953 | D        | Noticed a jumping spider
  3953 | D        | Noticed an entropy weaver
  3954 | D        | Noticed a spider
  3955 | D        | Noticed a tarantella
  3955 | D        | Noticed a trapdoor spider
  3961 | D        | Killed a trapdoor spider
  4004 | D        | Killed an entropy weaver
  4004 | D        | Received a gift from Okawaru
  4046 | D        | Killed an orb spider
  4053 | D        | Killed a demonic crawler
  4062 | D        | Killed a tarantella
  4066 | D        | Killed a spider
  4073 | D        | Killed a tarantella
  4081 | D        | Killed a jumping spider
  4327 | D        | Noticed a trapdoor spider
  4335 | D        | Killed a trapdoor spider
  4359 | D        | Noticed a wraith
  4360 | D        | Noticed a wraith
  4361 | D        | Noticed Josephine
  4362 | D        | Noticed a wraith
  4363 | D        | Noticed a wraith
  4373 | D        | Killed a wraith
  4385 | D        | Killed Josephine
  4385 | D        | Received a gift from Okawaru
  4390 | D        | Killed a wraith
  4399 | D        | Killed a wraith
  4405 | D        | Killed a wraith
  4405 | D        | Gained mutation: Your large and strong wings let you fly indefinitely. [Gargoyle growth]
  4405 | D        | Reached XP level 14. HP: 99/99 MP: 22/22
  4510 | D        | Noticed a fire giant
  4510 | D        | Noticed a centaur warrior
  4510 | D        | Noticed a red ugly thing
  4510 | D        | Noticed a vampire mage
  4510 | D        | Noticed a purple very ugly thing
  4516 | D        | Noticed a stone giant
  4531 | D        | Killed a purple very ugly thing
  4534 | D        | Killed a vampire mage
  4534 | D        | Reached skill level 21 in Armour
  4545 | D        | Killed a red ugly thing
  4547 | D        | Noticed a spriggan berserker
  4551 | D        | Noticed an ice dragon
  4552 | D        | Noticed a frost giant
  4555 | D        | Killed a fire giant
  4580 | D        | Killed a stone giant
  4589 | D        | Killed a centaur warrior
  4603 | D        | Killed a spriggan berserker
  4612 | D        | Killed an ice dragon
  4636 | D        | Killed a frost giant
  4636 | D        | Received a gift from Okawaru
  4636 | D        | Reached skill level 15 in Maces & Flails
  4654 | D        | Lost mutation: You have a pair of small horns on your head. [mutagenic meat]
  4656 | D        | Lost mutation: You are clumsy. (Dex -2) [mutagenic meat]
  4657 | D        | Gained mutation: Your spells are a little harder to cast, but a little more powerful. [mutagenic meat]
  4658 | D        | Gained mutation: You are weak. (Str -2) [mutagenic meat]
  4660 | D        | Lost mutation: You can spit weak poison. [mutagenic meat]
  5209 | D        | Noticed a stone giant
  5210 | D        | Noticed a red very ugly thing
  5211 | D        | Noticed a fire giant
  5212 | D        | Noticed a yaktaur
  5213 | D        | Noticed a yaktaur captain
  5218 | D        | Noticed a stone giant
  5226 | D        | Killed a stone giant
  5230 | D        | Noticed a green ugly thing
  5236 | D        | a yaktaur changed into a death drake
  5239 | D        | Killed a red very ugly thing
  5251 | D        | Killed a fire giant
  5264 | D        | Killed a yaktaur captain
  5264 | D        | Reached skill level 22 in Armour
  5276 | D        | Killed a stone giant
  5308 | D        | Killed a green ugly thing
  5337 | D        | Lost mutation: You are weak. (Str -2) [mutagenic meat]
  5338 | D        | Gained mutation: Your body sometimes deteriorates upon taking damage. [mutagenic meat]
  5339 | D        | Gained mutation: You tend to lose your temper in combat. [mutagenic meat]
  5453 | D        | Noticed a fire drake
  5453 | D        | Noticed a skeletal warrior
  5453 | D        | Noticed an orc knight
  5453 | D        | Noticed an orc knight
  5453 | D        | Noticed a yaktaur
  5453 | D        | Noticed an ironheart preserver
  5457 | D        | Noticed a rakshasa
  5463 | D        | a fire drake changed into a human
  5471 | D        | Killed an ironheart preserver
  5475 | D        | Killed a yaktaur
  5476 | D        | Noticed a vault sentinel
  5481 | D        | Noticed a fire crab
  5486 | D        | Gained mutation: You have supernaturally acute eyesight. [evolution]
  5486 | D        | Lost mutation: You evolve. [end of evolution]
  5487 | D        | Killed an orc knight
  5497 | D        | Killed an orc knight
  5498 | D        | Noticed a cyan ugly thing
  5506 | D        | Killed a skeletal warrior
  5509 | D        | Noticed a boulder beetle
  5510 | D        | Noticed a brown ugly thing
  5513 | D        | Killed a vault sentinel
  5513 | D        | Killed a cyan ugly thing
  5517 | D        | Noticed a deep elf knight
  5520 | D        | Noticed a frost giant
  5522 | D        | Killed a fire crab
  5523 | D        | Noticed a hornet
  5524 | D        | Noticed a freezing wraith
  5526 | D        | Noticed a yaktaur
  5541 | D        | Killed a boulder beetle
  5542 | D        | Noticed a boulder beetle
  5551 | D        | Killed a yaktaur
  5553 | D        | Noticed a griffon
  5554 | D        | Killed a brown ugly thing
  5558 | D        | Killed a rakshasa
  5568 | D        | Killed a deep elf knight
  5569 | D        | Killed a freezing wraith
  5570 | D        | Noticed a vault warden
  5577 | D        | Killed a frost giant
  5577 | D        | Received a gift from Okawaru
  5582 | D        | Killed a hornet
  5587 | D        | Killed a boulder beetle
  5592 | D        | Killed a griffon
  5600 | D        | Killed a vault warden
  5600 | D        | Reached skill level 23 in Armour
  5670 | D        | Gained mutation: Your spells are harder to cast, but more powerful. [mutagenic meat]
  5671 | D        | Gained mutation: Your body often deteriorates upon taking damage. [mutagenic meat]
  5672 | D        | Gained mutation: You are dopey. (Int -2) [mutagenic meat]
  5696 | D        | Noticed Norris
  5698 | D        | Paralysed by Norris for 6 turns
  5819 | D        | Noticed Jory
  5844 | D        | Killed Jory
  5844 | D        | Reached XP level 15. HP: 103/108 MP: 23/23
  5953 | D        | Got the +0 large shield "Bobucux" {MR+ Stlth+}
  6013 | D        | Noticed Mara
  6026 | D        | Noticed Kidiri's illusion
  6091 | D        | Killed Mara
  6159 | D        | Noticed Louise
  6205 | D        | Paralysed by Norris for 7 turns
  6226 | D        | Killed Norris
  6226 | D        | Reached skill level 24 in Armour
  6230 | D        | Killed Louise
  6242 | D        | Gained mutation: You have a pair of small horns on your head. [potion of mutation]
  6242 | D        | Gained mutation: You can translocate small distances at will. [potion of mutation]
  6371 | D        | Noticed a seven-headed hydra
  6371 | D        | Noticed a swamp dragon
  6371 | D        | Noticed a swamp dragon
  6371 | D        | Noticed a swamp dragon
  6371 | D        | Noticed a seven-headed hydra
  6371 | D        | Noticed a swamp dragon
  6377 | D        | Killed a swamp dragon
  6380 | D        | Noticed a bog body
  6383 | D        | Killed a seven-headed hydra
  6384 | D        | Noticed a four-headed hydra
  6391 | D        | Killed a swamp dragon
  6395 | D        | Killed a swamp dragon
  6398 | D        | Noticed a swamp dragon
  6399 | D        | Killed a swamp dragon
  6401 | D        | Noticed a swamp dragon
  6402 | D        | Killed a seven-headed hydra
  6407 | D        | Noticed a swamp dragon
  6407 | D        | Killed a four-headed hydra
  6411 | D        | Killed a bog body
  6413 | D        | Noticed a swamp dragon
  6419 | D        | Killed a swamp dragon
  6419 | D        | Received a gift from Okawaru
  6421 | D        | Noticed a seven-headed hydra
  6429 | D        | Killed a swamp dragon
  6433 | D        | Killed a swamp dragon
  6438 | D        | Killed a swamp dragon
  6442 | D        | Killed a seven-headed hydra
  6447 | D        | Got a decaying rune of Zot
  6495 | D        | Noticed a naga
  6495 | D        | Noticed a guardian serpent
  6495 | D        | Noticed a guardian serpent
  6495 | D        | Noticed a greater naga
  6495 | D        | Noticed a greater naga
  6495 | D        | Noticed a naga mage
  6497 | D        | Noticed a greater naga
  6508 | D        | Noticed a greater naga
  6509 | D        | Killed a greater naga
  6510 | D        | Killed a naga mage
  6512 | D        | Noticed a naga mage
  6513 | D        | Noticed a greater naga
  6519 | D        | Killed a greater naga
  6527 | D        | Killed a greater naga
  6527 | D        | Received a gift from Okawaru
  6528 | D        | Got a faintly glowing eveningstar {god gift}
  6536 | D        | Killed a greater naga
  6536 | D        | Reached skill level 25 in Armour
  6538 | D        | Killed a greater naga
  6539 | D        | Noticed a naga
  6539 | D        | Noticed a greater naga
  6541 | D        | Killed a naga
  6549 | D        | Killed a greater naga
  6556 | D        | Killed a naga mage
  6557 | D        | Killed a guardian serpent
  6558 | D        | Killed a naga
  6566 | D        | Killed a guardian serpent
  6569 | D        | Identified the +9 eveningstar "Plog" {elec, Str+5} (Okawaru gifted it to you in the Dungeon)
  6583 | D        | Noticed a naga
  6585 | D        | Got a serpentine rune of Zot
  6590 | D        | Killed a naga
  6695 | D        | Noticed a merfolk impaler
  6695 | D        | Noticed a merfolk impaler
  6695 | D        | Noticed a merfolk javelineer
  6695 | D        | Noticed a merfolk
  6695 | D        | Noticed a merfolk
  6695 | D        | Noticed a merfolk impaler
  6696 | D        | Noticed Ilsuiw
  6697 | D        | Noticed a merfolk aquamancer
  6710 | D        | Killed a merfolk impaler
  6712 | D        | Noticed a merfolk javelineer
  6727 | D        | Killed Ilsuiw
  6728 | D        | Noticed a merfolk impaler
  6730 | D        | Killed a merfolk aquamancer
  6730 | D        | Reached XP level 16. HP: 116/118 MP: 23/23
  6733 | D        | Killed a merfolk javelineer
  6735 | D        | Noticed a merfolk impaler
  6738 | D        | Noticed a merfolk impaler
  6739 | D        | Killed a merfolk javelineer
  6739 | D        | Received a gift from Okawaru
  6740 | D        | Got a bloodstained mace {god gift}
  6741 | D        | Identified the +8 mace of Untimely Demise {crush, Int+6} (Okawaru gifted it to you in the Dungeon)
  6749 | D        | Killed a merfolk impaler
  6751 | D        | Noticed a merfolk
  6757 | D        | Killed a merfolk impaler
  6766 | D        | Killed a merfolk impaler
  6773 | D        | Killed a merfolk impaler
  6780 | D        | Killed a merfolk impaler
  6784 | D        | Killed a merfolk
  6786 | D        | Killed a merfolk
  6788 | D        | Killed a merfolk
  6791 | D        | Noticed a jumping spider
  6791 | D        | Noticed a moth of wrath
  6791 | D        | Noticed a demonic crawler
  6791 | D        | Noticed an emperor scorpion
  6791 | D        | Noticed a demonic crawler
  6791 | D        | Noticed an emperor scorpion
  6802 | D        | Killed an emperor scorpion
  6803 | D        | Noticed a ghost moth
  6807 | D        | Killed a demonic crawler
  6810 | D        | Noticed an emperor scorpion
  6813 | D        | Killed a jumping spider
  6818 | D        | Killed an emperor scorpion
  6822 | D        | Killed a demonic crawler
  6826 | D        | Killed a moth of wrath
  6830 | D        | Killed a ghost moth
  6837 | D        | Killed an emperor scorpion
  6837 | D        | Received a gift from Okawaru
  6837 | D        | Reached skill level 26 in Armour
  6846 | D        | Lost mutation: Your magical capacity is low (-10% MP). [mutagenic meat]
  6847 | D        | Gained mutation: Your flesh is cold resistant. [mutagenic meat]
  6856 | D        | Got a barnacled rune of Zot
  6967 | D        | Noticed an emperor scorpion
  6968 | D        | Noticed a wolf spider
  6969 | D        | Noticed a ghost moth
  6970 | D        | Noticed a moth of wrath
  6978 | D        | Killed an emperor scorpion
  6980 | D        | Killed a wolf spider
  6989 | D        | Killed a ghost moth
  6989 | D        | Received a gift from Okawaru
  6991 | D        | Killed a moth of wrath
  6992 | D        | Noticed a wolf spider
  6997 | D        | Killed a wolf spider
  7001 | D        | Got a gossamer rune of Zot
  7007 | D        | Gained mutation: Your magical capacity is low (-10% MP). [mutagenic meat]
  7008 | D        | Gained mutation: You are robust (+10% HP). [mutagenic meat]
  7126 | D        | Noticed Frederick
  7126 | D        | Noticed Xtahua
  7142 | D        | Killed Frederick
  7142 | D        | Received a gift from Okawaru
  7152 | D        | Killed Xtahua
  7385 | D        | Noticed a vault guard
  7385 | D        | Noticed a vault guard
  7385 | D        | Noticed a vault guard
  7385 | D        | Noticed a vault guard
  7385 | D        | Noticed a vault guard
  7385 | D        | Noticed a vault guard
  7388 | D        | Killed a vault guard
  7389 | D        | Noticed a vault guard
  7391 | D        | Killed a vault guard
  7392 | D        | Noticed a vault guard
  7393 | D        | Killed a vault guard
  7397 | D        | Noticed a vault guard
  7397 | D        | Killed a vault guard
  7400 | D        | Noticed a vault guard
  7401 | D        | Killed a vault guard
  7403 | D        | Noticed a vault guard
  7406 | D        | Killed a vault guard
  7407 | D        | Noticed a vault guard
  7409 | D        | Killed a vault guard
  7412 | D        | Killed a vault guard
  7415 | D        | Killed a vault guard
  7419 | D        | Killed a vault guard
  7423 | D        | Killed a vault guard
  7423 | D        | Reached skill level 27 in Armour
  7428 | D        | Killed a vault guard
  7428 | D        | Reached skill level 27 in Shields
  7430 | D        | Noticed a vault guard
  7431 | D        | Noticed a vault guard
  7431 | D        | Noticed a vault guard
  7432 | D        | Noticed a vault guard
  7433 | D        | Noticed a vault guard
  7434 | D        | Noticed a vault guard
  7436 | D        | Noticed a vault guard
  7438 | D        | Killed a vault guard
  7438 | D        | Reached skill level 1 in Evocations
  7440 | D        | Killed a vault guard
  7443 | D        | Noticed a vault guard
  7447 | D        | Killed a vault guard
  7453 | D        | Killed a vault guard
  7455 | D        | Killed a vault guard
  7459 | D        | Killed a vault guard
  7465 | D        | Killed a vault guard
  7471 | D        | Killed a vault guard
  7471 | D        | Reached XP level 17. HP: 141/141 MP: 24/24
  7482 | D        | Noticed a vault guard
  7483 | D        | Noticed a vault guard
  7484 | D        | Noticed a vault guard
  7485 | D        | Noticed a vault guard
  7485 | D        | Noticed a vault guard
  7491 | D        | Killed a vault guard
  7493 | D        | Killed a vault guard
  7497 | D        | Killed a vault guard
  7506 | D        | Killed a vault guard
  7509 | D        | Killed a vault guard
  7509 | D        | Reached skill level 5 in Evocations
  7518 | D        | Noticed a golden dragon
  7518 | D        | Noticed a lich
  7518 | D        | Noticed a yaktaur
  7518 | D        | Noticed an orc knight
  7518 | D        | Noticed a six-headed hydra
  7518 | D        | Noticed a stone giant
  7521 | D        | a six-headed hydra changed into an emperor scorpion
  7522 | D        | Killed a stone giant
  7523 | D        | Noticed an ogre mage
  7525 | D        | Noticed an ironheart preserver
  7536 | D        | Killed a lich
  7537 | D        | Noticed a vault warden
  7541 | D        | Noticed a deep elf priest
  7548 | D        | Noticed a war gargoyle
  7557 | D        | Lost mutation: You are dopey. (Int -2) [mutagenic meat]
  7560 | D        | Killed a golden dragon
  7565 | D        | Killed an ironheart preserver
  7567 | D        | Killed an orc knight
  7571 | D        | Killed a yaktaur
  7577 | D        | Killed a vault warden
  7578 | D        | Noticed a shadow dragon
  7580 | D        | Noticed an orc knight
  7580 | D        | Killed an ogre mage
  7582 | D        | Noticed a shadow dragon
  7583 | D        | Noticed a shadow wraith
  7583 | D        | Killed a war gargoyle
  7586 | D        | Noticed a vault sentinel
  7586 | D        | Killed a deep elf priest
  7590 | D        | Noticed a lich
  7592 | D        | Killed a shadow dragon
  7598 | D        | Killed a shadow dragon
  7598 | D        | Received a gift from Okawaru
  7601 | D        | Killed an orc knight
  7605 | D        | Killed a shadow wraith
  7610 | D        | Killed a lich
  7616 | D        | Killed a vault sentinel
  7831 | D        | Noticed a shadow dragon
  7831 | D        | Noticed a stone giant
  7831 | D        | Noticed a shadow dragon
  7831 | D        | Noticed a shadow dragon
  7831 | D        | Noticed a shadow dragon
  7831 | D        | Noticed a yaktaur captain
  7832 | D        | Noticed an ancient lich
  7837 | D        | Killed a yaktaur captain
  7838 | D        | Noticed a shadow dragon
  7845 | D        | Killed a shadow dragon
  7846 | D        | Noticed a lich
  7864 | D        | Killed an ancient lich
  7870 | D        | Killed a shadow dragon
  7870 | D        | Reached skill level 10 in Evocations
  7876 | D        | Noticed a Shadow Fiend
  7879 | D        | Killed a shadow dragon
  7879 | D        | Received a gift from Okawaru
  7880 | D        | Got an encrusted mace {god gift}
  7881 | D        | Identified the +1 mace of Egaree {venom, rElec rF++ MR- Dex+4} (Okawaru gifted it to you in the Dungeon)
  7893 | D        | Killed a stone giant
  7904 | D        | Killed a shadow dragon
  7915 | D        | Killed a shadow dragon
  7932 | D        | Killed a Shadow Fiend
  7933 | D        | Noticed a tentacled monstrosity
  7936 | D        | Killed a tentacled monstrosity
  7941 | D        | Killed a lich
  7944 | D        | Got a fine gossamer ring
  7946 | D        | Identified the ring of Peypp {+Fly rElec rN+} (You found it in the Dungeon)
  7951 | D        | Got a shimmering brass ring
  7953 | D        | Identified the cursed ring "Keclun" {MR- Str+4 Int-2 Slay-2 Stlth+} (You found it in the Dungeon)
  7958 | D        | Got a silver rune of Zot
  7960 | D        | Got a crude scale mail
  7971 | D        | Identified the +6 scale mail "Forget-Me-Not" {SInv} (You found it in the Dungeon)
  8273 | D        | Noticed Boris
  8275 | D        | Noticed a hell knight
  8276 | D        | Noticed a necromancer
  8276 | D        | Noticed Margery
  8280 | D        | Noticed a hell knight
  8282 | D        | Noticed a hell knight
  8285 | D        | Noticed a hell knight
  8293 | D        | Killed Boris
  8293 | D        | Received a gift from Okawaru
  8301 | D        | Killed Margery
  8301 | D        | Reached skill level 27 in Fighting
  8301 | D        | Reached XP level 18. HP: 82/159 MP: 25/25
  8306 | D        | Killed a hell knight
  8308 | D        | Killed a necromancer
  8319 | D        | Killed a hell knight
  8323 | D        | Killed a hell knight
  8326 | D        | Killed a hell knight
  9641 | D        | Bought a wand of draining (3) for 98 gold pieces
 10544 | D        | Got the ring "Ighiko" {Fire MR- Str+4 Stlth+}
 10546 | D        | Got the amulet "Orameit" {rMut +Inv rPois rF- rN+}
 10548 | D        | Got the ring of Xoyrr {rPois MR++ Int+4 Slay-5}
 10550 | D        | Got the amulet "Seuk Rych" {Spirit Str+4 Dex+4}
 10552 | D        | Got the amulet of the Thistle {rMut Int+5}
 10561 | D        | Got the +5 great mace "Grim Tooth" {flame, rC+ Int-5 SInv}
 10564 | D        | Got the +5 demon whip of Purpose {drain, rElec rF- rC+ Int+2}
 10644 | D        | Noticed Mennas
 10644 | D        | Noticed Nikola
 10712 | D        | Killed Mennas
 10725 | D        | Killed Nikola
 10725 | D        | Reached skill level 5 in Dodging
 10812 | D        | Noticed an orc warrior
 10812 | D        | Noticed a sky beast
 10812 | D        | Noticed a cyclops
 10812 | D        | Noticed a six-headed hydra
 10812 | D        | Noticed a hill giant
 10814 | D        | Noticed a slime creature
 10816 | D        | Killed a hill giant
 10818 | D        | Killed a six-headed hydra
 10818 | D        | Reached skill level 5 in Throwing
 10822 | D        | Killed a cyclops
 10823 | D        | Noticed a hippogriff
 10825 | D        | Killed a sky beast
 10826 | D        | Noticed a wizard
 10828 | D        | Killed a slime creature
 10829 | D        | Killed an orc warrior
 10832 | D        | Killed a hippogriff
 10835 | D        | Killed a wizard
 10874 | D        | Noticed a fire dragon
 10874 | D        | Noticed a golden dragon
 10874 | D        | Noticed a golden dragon
 10874 | D        | Noticed a golden dragon
 10874 | D        | Noticed a storm dragon
 10874 | D        | Noticed a golden dragon
 10879 | D        | Noticed a mottled draconian
 10885 | D        | Killed a golden dragon
 10895 | D        | Killed a golden dragon
 10896 | D        | Noticed a black draconian
 10900 | D        | Noticed an ice dragon
 10918 | D        | Killed a golden dragon
 10928 | D        | Killed a golden dragon
 10928 | D        | Received a gift from Okawaru
 10931 | D        | Noticed a black draconian
 10937 | D        | Noticed a red draconian
 10941 | D        | Killed a fire dragon
 10943 | D        | Noticed a mottled draconian
 10944 | D        | Killed a storm dragon
 10944 | D        | Reached skill level 27 in Maces & Flails
 10944 | D        | Reached skill level 10 in Dodging
 10951 | D        | Killed a mottled draconian
 10959 | D        | Killed a black draconian
 10968 | D        | Killed an ice dragon
 10973 | D        | Killed a black draconian
 10980 | D        | Killed a mottled draconian
 10986 | D        | Killed a red draconian
 11148 | D        | Noticed a white draconian
 11148 | D        | Noticed a tentacled monstrosity
 11148 | D        | Noticed a moth of wrath
 11148 | D        | Noticed a green draconian
 11148 | D        | Noticed a moth of wrath
 11148 | D        | Noticed a mottled draconian
 11155 | D        | Noticed a purple draconian zealot
 11159 | D        | Killed a mottled draconian
 11159 | D        | Received a gift from Okawaru
 11162 | D        | Killed a moth of wrath
 11169 | D        | Killed a tentacled monstrosity
 11169 | D        | Reached skill level 10 in Throwing
 11177 | D        | Killed a green draconian
 11177 | D        | Reached skill level 15 in Evocations
 11179 | D        | Killed a moth of wrath
 11191 | D        | Killed a white draconian
 11199 | D        | Killed a purple draconian zealot
 11299 | D        | Noticed a fire dragon
 11299 | D        | Noticed a purple draconian
 11299 | D        | Noticed a black draconian
 11299 | D        | Noticed a black draconian shifter
 11299 | D        | Noticed a storm dragon
 11299 | D        | Noticed a moth of wrath
 11300 | D        | Noticed a red draconian
 11305 | D        | Killed a moth of wrath
 11307 | D        | Killed a storm dragon
 11308 | D        | Noticed a ghost moth
 11313 | D        | Killed a black draconian
 11328 | D        | Killed a black draconian shifter
 11331 | D        | Killed a purple draconian
 11336 | D        | Killed a fire dragon
 11341 | D        | Killed a red draconian
 11348 | D        | Killed a ghost moth
 11476 | D        | Noticed a golden dragon
 11476 | D        | Noticed a yellow draconian shifter
 11476 | D        | Noticed a black draconian
 11476 | D        | Noticed a tentacled monstrosity
 11476 | D        | Noticed a black draconian knight
 11476 | D        | Noticed a green draconian
 11486 | D        | Noticed a storm dragon
 11490 | D        | Killed a black draconian knight
 11500 | D        | Killed a tentacled monstrosity
 11501 | D        | Noticed a yellow draconian scorcher
 11502 | D        | Killed a green draconian
 11503 | D        | Noticed a red draconian
 11507 | D        | Killed a red draconian
 11507 | D        | Reached XP level 19. HP: 156/166 MP: 28/28
 11516 | D        | Killed a yellow draconian scorcher
 11528 | D        | Killed a golden dragon
 11528 | D        | Reached skill level 15 in Dodging
 11534 | D        | Killed a storm dragon
 11547 | D        | Killed a black draconian
 11573 | D        | Killed a yellow draconian shifter
 11706 | D        | Noticed a moth of wrath
 11706 | D        | Noticed a shadow dragon
 11706 | D        | Noticed a purple draconian annihilator
 11706 | D        | Noticed a green draconian monk
 11706 | D        | Noticed a black draconian shifter
 11706 | D        | Noticed a white draconian caller
 11710 | D        | Noticed a yellow draconian shifter
 11716 | D        | Killed a white draconian caller
 11726 | D        | Killed a green draconian monk
 11727 | D        | Noticed a black draconian
 11729 | D        | Noticed a moth of wrath
 11739 | D        | Killed a shadow dragon
 11744 | D        | Killed a moth of wrath
 11771 | D        | Killed a black draconian
 11774 | D        | Killed a black draconian shifter
 11787 | D        | Killed a purple draconian annihilator
 11790 | D        | Killed a moth of wrath
 11799 | D        | Killed a yellow draconian shifter
 11892 | D        | Gained mutation: You are dopey. (Int -2) [mutagenic glow]
 12175 | D        | Noticed an Orb Guardian
 12175 | D        | Noticed an Orb Guardian
 12175 | D        | Noticed an Orb Guardian
 12175 | D        | Noticed an Orb Guardian
 12175 | D        | Noticed an Orb Guardian
 12175 | D        | Noticed an Orb Guardian
 12178 | D        | Noticed an Orb Guardian
 12185 | D        | Killed an Orb Guardian
 12186 | D        | Noticed an Orb Guardian
 12197 | D        | Killed an Orb Guardian
 12197 | D        | Received a gift from Okawaru
 12197 | D        | Reached skill level 15 in Throwing
 12208 | D        | Killed an Orb Guardian
 12225 | D        | Killed an Orb Guardian
 12228 | D        | Killed an Orb Guardian
 12232 | D        | Killed an Orb Guardian
 12235 | D        | Killed an Orb Guardian
 12240 | D        | Killed an Orb Guardian
 12241 | D        | Noticed an Orb Guardian
 12242 | D        | Noticed an Orb Guardian
 12260 | D        | Killed an Orb Guardian
 12264 | D        | Killed an Orb Guardian
 12296 | D        | Noticed a storm dragon
 12296 | D        | Noticed a fire dragon
 12296 | D        | Noticed an Orb Guardian
 12296 | D        | Noticed an Orb Guardian
 12296 | D        | Noticed a moth of wrath
 12296 | D        | Noticed a moth of wrath
 12298 | D        | Killed a moth of wrath
 12298 | D        | Killed a moth of wrath
 12300 | D        | Killed an Orb Guardian
 12301 | D        | Noticed an Orb Guardian
 12302 | D        | Killed an Orb Guardian
 12304 | D        | Noticed an Orb Guardian
 12314 | D        | Killed a storm dragon
 12316 | D        | Killed a fire dragon
 12320 | D        | Killed an Orb Guardian
 12326 | D        | Killed an Orb Guardian
 12340 | D        | Noticed an ancient lich
 12345 | D        | Killed an ancient lich
 12345 | D        | Received a gift from Okawaru
 12349 | D        | Noticed an orb of fire
 12354 | D        | Killed an orb of fire
 12354 | D        | Reached XP level 20. HP: 110/172 MP: 30/30
 12548 | D        | Noticed an electric golem
 12572 | D        | Killed an electric golem
 12624 | D        | Noticed an electric golem
 12624 | D        | Noticed a black draconian knight
 12624 | D        | Noticed a tentacled monstrosity
 12624 | D        | Noticed a moth of wrath
 12624 | D        | Noticed an orb of fire
 12624 | D        | Noticed a golden dragon
 12625 | D        | Noticed an ancient lich
 12625 | D        | Killed a moth of wrath
 12632 | D        | Noticed an orb of fire
 12646 | D        | Noticed an ancient lich
 12647 | D        | Killed an orb of fire
 12652 | D        | Killed a golden dragon
 12652 | D        | Received a gift from Okawaru
 12655 | D        | Noticed an ancient lich
 12663 | D        | Killed a tentacled monstrosity
 12672 | D        | Killed an ancient lich
 12679 | D        | Noticed an orb of fire
 12899 | D        | Noticed a storm dragon
 12900 | D        | Noticed a storm dragon
 12905 | D        | Killed a black draconian knight
 12913 | D        | Killed an orb of fire
 12920 | D        | Killed an ancient lich
 12928 | D        | Paralysed by an ancient lich for 2 turns
 12941 | D        | Killed an ancient lich
 12944 | D        | Lost mutation: You have supernaturally acute eyesight. [an orb of fire]
 12950 | D        | Noticed an Orb Guardian
 12958 | D        | Killed an orb of fire
 12967 | D        | Killed a storm dragon
 12978 | D        | Killed a storm dragon
 12985 | D        | Killed an Orb Guardian
 13014 | D        | Killed an electric golem
 13301 | D        | Noticed an Orb Guardian
 13301 | D        | Noticed an Orb Guardian
 13301 | D        | Noticed an Orb Guardian
 13301 | D        | Noticed an Orb Guardian
 13301 | D        | Noticed an Orb Guardian
 13301 | D        | Noticed an Orb Guardian
 13303 | D        | Killed an Orb Guardian
 13305 | D        | Noticed a moth of wrath
 13307 | D        | Noticed an Orb Guardian
 13309 | D        | Killed an Orb Guardian
 13312 | D        | Killed an Orb Guardian
 13317 | D        | Killed an Orb Guardian
 13317 | D        | Received a gift from Okawaru
 13319 | D        | Killed a moth of wrath
 13325 | D        | Killed an Orb Guardian
 13327 | D        | Killed an Orb Guardian
 13327 | D        | Received a gift from Okawaru
 13327 | D        | Reached XP level 21. HP: 179/179 MP: 33/33
 13328 | D        | Got a faintly humming ring mail {god gift}
 13329 | D        | Killed an Orb Guardian
 13340 | D        | Identified the +0 ring mail "Heugocw" {rC- MP+9 Stlth+} (Okawaru gifted it to you in the Dungeon)
 13364 | D        | Noticed an Orb Guardian
 13365 | D        | Noticed an Orb Guardian
 13366 | D        | Noticed an Orb Guardian
 13372 | D        | Noticed an Orb Guardian
 13373 | D        | Killed an Orb Guardian
 13378 | D        | Killed an Orb Guardian
 13387 | D        | Killed an Orb Guardian
 13391 | D        | Killed an Orb Guardian
 13393 | D        | Noticed a moth of wrath
 13394 | D        | Noticed an Orb Guardian
 13400 | D        | Killed a moth of wrath
 13402 | D        | Killed an Orb Guardian
 13402 | D        | Reached skill level 27 in Dodging
 13501 | D        | Noticed a vampire knight
 13501 | D        | Noticed a vampire knight
 13501 | D        | Noticed a vampire knight
 13501 | D        | Noticed a vampire knight
 13501 | D        | Noticed a vampire knight
 13501 | D        | Noticed a vampire knight
 13502 | D        | Killed a vampire knight
 13502 | D        | Reached skill level 1 in Stealth
 13506 | D        | Noticed an ancient lich
 13507 | D        | Killed a vampire knight
 13508 | D        | Killed a vampire knight
 13510 | D        | Noticed a vampire knight
 13513 | D        | Noticed a lich
 13513 | D        | Killed a vampire knight
 13514 | D        | Noticed a lich
 13524 | D        | Killed a vampire knight
 13534 | D        | Killed an ancient lich
 13540 | D        | Killed a lich
 13541 | D        | Noticed a vampire knight
 13549 | D        | Killed a lich
 13556 | D        | Killed a vampire knight
 13559 | D        | Paralysed by a vampire knight for 3 turns
 13565 | D        | Killed a vampire knight
 13573 | D        | Killed a vampire knight
 13573 | D        | Reached skill level 10 in Stealth
 13934 | D        | Noticed a spriggan baker
 13934 | D        | Noticed a spriggan baker
 13934 | D        | Noticed a spriggan baker
 13934 | D        | Noticed a spriggan baker
 13934 | D        | Noticed a spriggan baker
 13934 | D        | Noticed a spriggan baker
 13935 | D        | Killed a spriggan baker
 13937 | D        | Noticed a spriggan baker
 13937 | D        | Killed a spriggan baker
 13939 | D        | Killed a spriggan baker
 13940 | D        | Killed a spriggan baker
 13941 | D        | Noticed a spriggan baker
 13941 | D        | Killed a spriggan baker
 13942 | D        | Noticed a spriggan baker
 13942 | D        | Killed a spriggan baker
 13942 | D        | Killed a spriggan baker
 13942 | D        | Killed a spriggan baker
 13942 | D        | Killed a spriggan baker
 13943 | D        | Noticed a spriggan baker
 13945 | D        | Noticed a spriggan baker
 13947 | D        | Killed a spriggan baker
 13949 | D        | Killed a spriggan baker
 13959 | D        | Noticed a deep elf sorcerer
 13959 | D        | Noticed a deep elf sorcerer
 13959 | D        | Noticed a deep elf demonologist
 13959 | D        | Noticed a deep elf death mage
 13959 | D        | Noticed a deep elf death mage
 13959 | D        | Noticed a deep elf high priest
 13960 | D        | Killed a deep elf death mage
 13961 | D        | Killed a deep elf high priest
 13961 | D        | Killed a deep elf sorcerer
 13962 | D        | Killed a deep elf demonologist
 13962 | D        | Killed a deep elf sorcerer
 13963 | D        | Noticed a deep elf sorcerer
 13964 | D        | Noticed a deep elf blademaster
 13968 | D        | Killed a deep elf death mage
 13969 | D        | Noticed a deep elf annihilator
 13970 | D        | Noticed a deep elf demonologist
 13975 | D        | Killed a deep elf blademaster
 13977 | D        | Noticed a deep elf demonologist
 13981 | D        | Killed a deep elf sorcerer
 13982 | D        | Noticed a deep elf blademaster
 13983 | D        | Noticed a deep elf blademaster
 13985 | D        | Killed a deep elf annihilator
 13987 | D        | Killed a deep elf demonologist
 13987 | D        | Received a gift from Okawaru
 13988 | D        | Noticed a deep elf death mage
 13991 | D        | Killed a deep elf blademaster
 13998 | D        | Killed a deep elf blademaster
 14002 | D        | Killed a deep elf death mage
 14008 | D        | Killed a deep elf demonologist
 14015 | D        | Got an elven rune of Zot
 14128 | D        | Noticed a golden eye
 14128 | D        | Noticed an acid blob
 14128 | D        | Noticed a golden eye
 14128 | D        | Noticed an eye of draining
 14128 | D        | Noticed an azure jelly
 14128 | D        | Noticed a golden eye
 14131 | D        | Killed a golden eye
 14131 | D        | Received a gift from Okawaru
 14145 | D        | Killed an azure jelly
 14146 | D        | Noticed an acid blob
 14146 | D        | Killed an eye of draining
 14152 | D        | Killed a golden eye
 14159 | D        | Killed an acid blob
 14159 | D        | Reached skill level 27 in Throwing
 14172 | D        | Killed an acid blob
 14172 | D        | Reached skill level 15 in Stealth
 14175 | D        | Killed a golden eye
 14555 | D        | Noticed a golden eye
 14556 | D        | Noticed a golden eye
 14564 | D        | Killed a golden eye
 14566 | D        | Noticed the royal jelly
 14577 | D        | Noticed an acid blob
 14586 | D        | Killed a golden eye
 14608 | D        | Killed an acid blob
 15046 | D        | Killed the royal jelly
 15301 | D        | Noticed an azure jelly
 15302 | D        | Noticed an acid blob
 15303 | D        | Noticed a death ooze
 15308 | D        | Killed an azure jelly
 15313 | D        | Killed an acid blob
 15315 | D        | Killed a death ooze
 15315 | D        | Reached skill level 27 in Evocations
 15316 | D        | Noticed an azure jelly
 15317 | D        | Noticed an acid blob
 15318 | D        | Noticed an azure jelly
 15323 | D        | Got a slimy rune of Zot
 15324 | D        | Killed an azure jelly
 15325 | D        | Killed an acid blob
 15326 | D        | Killed an azure jelly
 15327 | D        | Noticed a golden eye
 15328 | D        | Noticed a death ooze
 15338 | D        | Killed a death ooze
 15339 | D        | Killed a golden eye
 15339 | D        | Reached XP level 22. HP: 175/185 MP: 35/35
 15449 | D        | Noticed a sphinx
 15449 | D        | Noticed a sphinx
 15449 | D        | Noticed a sphinx
 15449 | D        | Noticed a sphinx
 15449 | D        | Noticed a sphinx
 15449 | D        | Noticed a sphinx
 15451 | D        | Killed a sphinx
 15452 | D        | Killed a sphinx
 15452 | D        | Killed a sphinx
 15452 | D        | Reached skill level 15 in Invocations
 15452 | D        | Killed a sphinx
 15452 | D        | Reached skill level 5 in Unarmed Combat
 15453 | D        | Noticed a sphinx
 15453 | D        | Killed a sphinx
 15454 | D        | Noticed a sphinx
 15455 | D        | Noticed a sphinx
 15456 | D        | Noticed a sphinx
 15456 | D        | Killed a sphinx
 15457 | D        | Noticed a sphinx
 15459 | D        | Noticed a sphinx
 15462 | D        | Killed a sphinx
 15463 | D        | Killed a sphinx
 15468 | D        | Killed a sphinx
 15472 | D        | Killed a sphinx
 15479 | D        | Killed a sphinx
 15479 | D        | Received a gift from Okawaru
 15479 | D        | Reached skill level 10 in Unarmed Combat
 15482 | D        | Killed a sphinx
 15850 | D        | Noticed a guardian mummy
 15850 | D        | Noticed a guardian mummy
 15850 | D        | Noticed a guardian mummy
 15850 | D        | Noticed a guardian mummy
 15850 | D        | Noticed a guardian mummy
 15850 | D        | Noticed a guardian mummy
 15851 | D        | Killed a guardian mummy
 15851 | D        | Killed a guardian mummy
 15851 | D        | Killed a guardian mummy
 15852 | D        | Killed a guardian mummy
 15853 | D        | Noticed a guardian mummy
 15853 | D        | Killed a guardian mummy
 15855 | D        | Killed a guardian mummy
 15856 | D        | Noticed a guardian mummy
 15857 | D        | Noticed a guardian mummy
 15859 | D        | Killed a guardian mummy
 15860 | D        | Noticed a guardian mummy
 15865 | D        | Killed a guardian mummy
 15866 | D        | Killed a guardian mummy
 15871 | D        | Killed a guardian mummy
 15971 | D        | Noticed a guardian mummy
 15971 | D        | Noticed a mummy priest
 15971 | D        | Noticed a guardian mummy
 15971 | D        | Noticed a guardian mummy
 15971 | D        | Noticed a guardian mummy
 15971 | D        | Noticed a mummy priest
 15973 | D        | Killed a mummy priest
 15973 | D        | Killed a guardian mummy
 15973 | D        | Killed a guardian mummy
 15973 | D        | Killed a guardian mummy
 15974 | D        | Noticed a guardian mummy
 15975 | D        | Killed a guardian mummy
 15977 | D        | Noticed a guardian mummy
 15978 | D        | Noticed a guardian mummy
 15978 | D        | Killed a mummy priest
 15981 | D        | Killed a guardian mummy
 15982 | D        | Killed a guardian mummy
 15986 | D        | Killed a guardian mummy
 16276 | D        | Noticed a greater mummy
 16276 | D        | Noticed a greater mummy
 16276 | D        | Noticed a greater mummy
 16276 | D        | Noticed a greater mummy
 16276 | D        | Noticed a greater mummy
 16276 | D        | Noticed a guardian mummy
 16278 | D        | Noticed a guardian mummy
 16280 | D        | Killed a guardian mummy
 16281 | D        | Killed a guardian mummy
 16282 | D        | Noticed a guardian mummy
 16283 | D        | Killed a greater mummy
 16284 | D        | Noticed a guardian mummy
 16287 | D        | Killed a greater mummy
 16294 | D        | Killed a greater mummy
 16296 | D        | Killed a greater mummy
 16310 | D        | Killed a greater mummy
 16310 | D        | Reached skill level 15 in Unarmed Combat
 16311 | D        | Killed a guardian mummy
 16314 | D        | Killed a guardian mummy
 16324 | D        | Got a golden rune of Zot
 16626 | D        | Noticed a wandering mushroom
 16626 | D        | Noticed an ancient zyme
 16626 | D        | Noticed a small abomination
 16626 | D        | Noticed a wretched star
 16626 | D        | Noticed a large abomination
 16626 | D        | Noticed a brain worm
 16627 | D        | Killed a brain worm
 16627 | D        | Killed a large abomination
 16627 | D        | Killed an ancient zyme
 16628 | D        | Killed a small abomination
 16629 | D        | Killed a wandering mushroom
 16633 | D        | Killed a wretched star
 16635 | D        | Noticed a large abomination
 16636 | D        | Noticed a small abomination
 16638 | D        | Noticed a quasit
 16639 | D        | Noticed a chaos spawn
 16643 | D        | Killed a large abomination
 16648 | D        | Killed a small abomination
 16650 | D        | Killed a quasit
 16651 | D        | Killed a chaos spawn
 16651 | D        | Received a gift from Okawaru
 16652 | D        | Got an abyssal rune of Zot
 16805 | D        | Noticed Geryon
 16818 | D        | Killed Geryon
 16848 | D        | Noticed Asmodeus
 16848 | D        | Noticed Mnoleg
 16850 | D        | Noticed Lom Lobon
 16856 | D        | Noticed Antaeus
 16870 | D        | Killed Mnoleg
 16870 | D        | Received a gift from Okawaru
 16870 | D        | Reached skill level 27 in Stealth
 17268 | D        | Got the Orb of Zot
 17410 | D        | Received a gift from Okawaru
 18139 | D        | Killed Laeqibes the pandemonium lord
 18525 | D        | Reached XP level 23. HP: 188/192 MP: 36/36
 18664 | D        | Noticed Qeahammu the pandemonium lord
 18689 | D        | Killed Qeahammu the pandemonium lord
 18849 | D        | Noticed Yllee the pandemonium lord
 18864 | D        | Killed Yllee the pandemonium lord
 18900 | D        | Reached skill level 27 in Invocations
 19086 | D        | Received a gift from Okawaru
 19162 | D        | Reached skill level 27 in Unarmed Combat
 19162 | D        | Reached skill level 1 in Crossbows
 19162 | D        | Reached skill level 1 in Spellcasting
 19206 | D        | Killed Sonja
 19220 | D        | Escaped with the Orb!

Vault maps used:
D:        linesprint

Action                   |  1- 3 |  4- 6 |  7- 9 | 10-12 | 13-15 | 16-18 | 19-21 | 22-24 || total
-------------------------+-------+-------+-------+-------+-------+-------+-------+-------++-------
Melee: Flail             |    47 |       |       |    63 |   401 |       |       |       ||   511
       Morningstar       |    22 |    42 |   120 |   410 |   449 |       |       |       ||  1043
       Demon whip        |       |       |       |       |   179 |   307 |   287 |       ||   773
       Eveningstar       |       |       |       |       |    35 |   447 |   357 |   428 ||  1267
       Mace              |       |       |       |       |       |     6 |       |       ||     6
Throw: Tomahawk          |       |       |       |       |     7 |       |    11 |     2 ||    20
       Throwing net      |       |       |       |       |     4 |       |     1 |       ||     5
       Javelin           |       |       |       |       |       |     4 |    34 |    49 ||    87
Invok: Heroism           |       |       |     2 |     3 |     3 |     2 |     3 |     2 ||    15
       Finesse           |       |       |       |     3 |     2 |     2 |     3 |     4 ||    14
 Abil: Spit Poison       |       |       |       |       |     1 |       |       |       ||     1
       Fly               |       |       |       |       |     1 |       |       |       ||     1
       Evoke Invisibilit |       |       |       |       |       |     1 |     3 |     2 ||     6
       Turn Visible      |       |       |       |       |       |       |     1 |       ||     1
       Blink             |       |       |       |       |       |       |       |     1 ||     1
Evoke: Wand              |       |       |       |       |       |       |     6 |     4 ||    10
  Use: Potion            |     1 |       |       |     5 |     4 |     1 |    12 |    10 ||    33
       Scroll            |       |       |       |       |     9 |     6 |     1 |     3 ||    19
 Stab: Invisible         |       |       |       |       |       |     4 |       |       ||     4
  Eat: Chunk             |       |       |     1 |     7 |    19 |    20 |       |       ||    47
       Meat ration       |       |       |       |     1 |     2 |     3 |     4 |     2 ||    12
       Beef jerky        |       |       |       |       |       |     1 |       |       ||     1
       Bread ration      |       |       |       |       |       |       |       |     1 ||     1
